 Dungeon Crawl Stone Soup version 0.24.0-28-g17ded55e90 (webtiles) character file.

Game seed: 13104352177716548670, levelgen mode: deterministic

70 DildoBatman the Conjurer (level 4, 0/30 HPs)
             Began as a Formicid Wizard on Nov 11, 2019.
             Slain by an orc
             ... wielding a +0 short sword
              (3 damage)
             ... on level 3 of the Dungeon.
             The game lasted 00:04:47 (2430 turns).

DildoBatman the Conjurer (Formicid Wizard)          Turns: 2430, Time: 00:04:47

Health: 0/30       AC:  2    Str: 11    XL:     4   Next: 44%
Magic:  0/8        EV: 12    Int: 19    God:
Gold:   148        SH:  0    Dex:  9    Spells: 2/9 levels left

rFire    . . .     SeeInvis +   a - +0 spear
rCold    . . .     Gourm    .   (no shield)
rNeg     . . .     Faith    .   f - +0 robe
rPois    .         Spirit   .   (helmet unavailable)
rElec    .         Reflect  .   (no cloak)
rCorr    .         Harm     .   (no gloves)
MR       .....                  (no boots)
Stlth    ++........             (no amulet)
HPRegen  0.10/turn              (no ring)
MPRegen  0.11/turn              (no ring)

@: very slightly contaminated
A: permanent stasis, dig shafts and tunnels, four strong arms, antennae 3
a: Dig, Shaft Self


You were on level 3 of the Dungeon.
You were not hungry.

You visited 1 branch of the dungeon, and saw 3 of its levels.

You collected 148 gold pieces.

Inventory:

Hand Weapons
 a - a +0 spear (weapon)
 b - a +0 hunting sling
Missiles
 g - 35 stones (quivered)
 j - 30 bolts
 k - 39 poisoned darts
Armour
 f - a +0 robe (worn)
Scrolls
 c - 4 scrolls of teleportation {unknown}
 i - 2 scrolls of remove curse {unknown}
 l - a scroll of blinking {unknown}
 p - a scroll of magic mapping {unknown}
 r - 2 scrolls of identify {unknown}
 s - a scroll of fear {unknown}
Potions
 d - 3 potions of flight {unknown}
 e - a potion of heal wounds {unknown}
 h - a potion of invisibility {unknown}
 m - a potion of brilliance {unknown}
 n - a potion of might {unknown}
 o - a potion of mutation {unknown}
Comestibles
 q - 8 chunks of flesh
 v - 6 rations


   Skills:
 - Level 1.7 Dodging
 - Level 2.4 Stealth
 - Level 3.2 Spellcasting
 * Level 3.5 Conjurations
   Level 1.0 Summonings
   Level 0.8 Translocations


You had 2 spell levels left.
You knew the following spells:

 Your Spells              Type           Power        Failure   Level  Hunger
a - Conjure Flame         Conj/Fire      #.......     22%         3    ###....
c - Magic Dart            Conj           ###.         3%          1    None
e - Mephitic Cloud        Conj/Pois/Air  #.......     26%         3    ###....

Your spell library contained the following spells:

 Spells                   Type           Power        Failure   Level  Hunger
 Call Imp                 Summ           #.......     16%         2    ##.....
 Slow                     Hex            #.......     22%         2    ##.....
 Blink                    Tloc           Unusable     N/A         2    N/A

Dungeon Overview and Level Annotations

Branches:
Dungeon (3/15)

Altars:

Annotations:
D:2 exclusion: sensed monster (detected)


Innate Abilities, Weirdness & Mutations

You cannot be hasted, slowed, berserked, paralysed or teleported.
You can dig through walls and to a lower floor.
Your four strong arms can wield two-handed weapons with a shield.
You have a pair of large antennae on your head. (SInv)


Message History

The orc is heavily wounded.
The orc hits you with a +0 short sword.
Casting: Magic Dart (safe; 3% risk of failure)
Confirm with . or Enter, or press ? or * to list all spells.
You don't have enough magic to cast that spell.
You barely miss the orc.
The orc is heavily wounded.
The orc misses you.
Casting: Magic Dart (safe; 3% risk of failure)
Confirm with . or Enter, or press ? or * to list all spells.
You don't have enough magic to cast that spell.
You closely miss the orc.
The orc is moderately wounded.
The orc hits you with a +0 short sword.
Casting: Magic Dart (safe; 3% risk of failure)
Confirm with . or Enter, or press ? or * to list all spells.
You don't have enough magic to cast that spell.
Unknown command.
The orc hits you with a +0 short sword.
You die...

#. #.#+###### ........# .
.......+ # .....(#### # #.....#
.....(... # #.....# #.(.(.(.. #
#.....# #o############ ## #.....#
#@#..........# .# #.....#
###.#..........# .# #.....#
#..............# .###.....#
#..............# .......[.#
#..............##### #####....#
###+#..........'....
#####....#######.#..........#####
....+....'...........>..[...#####
#####....#######............#....


You could see an orc.

Vanquished Creatures
  An adder (D:3)
  2 worms (D:2)
  A dart slug (D:1)
  A leopard gecko (D:2)
  5 orcs (D:3)
  A ball python (D:2)
  2 giant cockroaches (D:1)
  5 goblins
  4 hobgoblins
  6 jackals
  3 kobolds (D:1)
  3 bats
  5 frilled lizards
  5 rats
44 creatures vanquished.

Notes
Turn   | Place    | Note
-------+----------+-------------------------------------------
     0 | D:1      | DildoBatman the Formicid Wizard began the quest for the
                  | Orb.
     0 | D:1      | Reached XP level 1. HP: 13/13 MP: 4/4
    97 | D:1      | Reached skill level 1 in Conjurations
   316 | D:1      | Reached XP level 2. HP: 16/19 MP: 4/6
   888 | D:2      | Reached XP level 3. HP: 24/24 MP: 0/7
   893 | D:2      | Learned a level 3 spell: Conjure Flame
   897 | D:2      | Learned a level 3 spell: Mephitic Cloud
  1192 | D:2      | Found a faded altar of an unknown god.
  1960 | D:3      | Reached XP level 4. HP: 29/30 MP: 4/8
  2430 | D:3      | Slain by an orc

Levels and vault maps discovered:
D:1:      elethiomel_arrival_maze, layout_basic
D:2:      layout_loops_corners, chequers_ecumenical_altar_simple,
          kennysheep_generic_room_8
D:3:      layout_basic

Skill      XL: |  1  2  3 |
---------------+----------+-----
Conjurations   | 1 2 3 |  3.5
Dodging        | |  1.7
Stealth        | |  2.4
Spellcasting   | |  3.2
Summonings     | |  1.0
Translocations | |  0.8

Action                   |  1- 3 |  4- 6 || total
-------------------------+-------+-------++-------
Melee: Unarmed           |     7 |       ||     7
       Club              |     3 |       ||     3
       Spear             |    15 |    24 ||    39
 Fire: Hunting sling     |    25 |    16 ||    41
 Cast: Magic Dart        |    69 |    22 ||    91
       Conjure Flame     |     1 |       ||     1
 Stab: Sleeping          |     1 |       ||     1
  Eat: Chunk             |     3 |     2 ||     5
Armor: Robe              |     5 |     6 ||    11
Dodge: Dodged            |    16 |    30 ||    46
